Map: Kairos Junction LE

Players

Mez

  • Race: Terran Terran
  • League: Master
  • Spawn Location: 11:00

Shame - Winner!

  • Race: Zerg Zerg
  • League: Master
  • Spawn Location: 5:00

VOD

Have the link to the VOD?

Description

Time

  • Played on: Aug. 1, 2019, 12:45 a.m.
  • Length: 19:18
Show
View Real Time Build Order
Export as new Build Order

Mez Terran 

Build Orders: Reaper Expand 

Get SALT Encoding   

  12  0:01  SCV  
  13  0:13  SCV  
  14  0:17  Supply Depot  
  14  0:25  SCV  
  15  0:39  SCV  
  15  0:40  Barracks  
  16  0:45  Refinery  
  16  0:51  SCV  
  17  1:03  SCV  
  18  1:15  SCV  
  19  1:29  Reaper, Orbital Command  
  20  1:42  Command Center  
  20  1:52  Barracks  
  20  1:55  SCV  
  21  2:02  Barracks Reactor  
  21  2:07  SCV  
  22  2:12  Barracks  
  22  2:17  Supply Depot  
  22  2:41  Marine x2, Barracks Tech Lab  
  24  2:52  SCV  
  24  2:55  Orbital Command  
  25  3:00  Marine x3  
  25  3:01  Combat Shield  
  25  3:03  Marine  
  29  3:08  SCV  
  29  3:17  Marine, Supply Depot  
  29  3:18  Marine x2  
  31  3:20  SCV  
  31  3:21  Marine  
  31  3:22  SCV  
  34  3:32  SCV  
  34  3:33  Engineering Bay  
  35  3:39  Marine x2  
  35  3:40  Marine x2  
  39  3:43  Supply Depot  
  39  3:45  SCV  
  39  3:46  SCV  
  41  3:57  SCV  
  41  3:58  SCV  
  41  3:59  Marine x4  
  47  4:09  SCV  
  48  4:10  SCV  
  48  4:12  Terran Infantry Weapons Level 1  
  48  4:14  Supply Depot  
  49  4:19  Marine x3  
  49  4:20  Marine  
  49  4:21  SCV  
  49  4:22  SCV  
  55  4:25  Stimpack  
  55  4:38  SCV x2  
  57  4:45  Command Center  
  57  4:50  SCV  
  47  5:03  Marine x4  
  47  5:04  SCV x2  
  50  5:08  Factory  
  50  5:09  Refinery  
  50  5:10  Refinery  
  50  5:12  Supply Depot  
  50  5:16  SCV  
  50  5:17  SCV  
  50  5:21  Marine  
  52  5:25  Barracks Reactor, Marine  
  52  5:27  Barracks, Marauder  
  52  5:28  Barracks  
  56  5:30  SCV x2  
  57  5:40  Marine  
  58  5:43  Marine  
  58  5:52  Marauder  
  58  5:53  SCV x2  
  62  5:58  Marine  
  62  6:01  Marine  
  62  6:03  Marine x2  
  66  6:05  Starport, Factory Reactor  
  66  6:06  Orbital Command  
  66  6:12  Marine  
  66  6:14  SCV x2  
  66  6:15  Marine  
  66  6:16  Marine x2  
  72  6:19  Bunker, Marine  
  72  6:24  Supply Depot  
  72  6:25  Supply Depot  
  73  6:26  Supply Depot  
  73  6:28  Marine  
  73  6:29  Marine  
  73  6:31  Marauder  
  77  6:39  Engineering Bay  
  77  6:40  Engineering Bay  
  77  6:45  Marine  
  47  7:00  SCV x2  
  38  7:04  SCV  
  36  7:12  SCV, Marine  
  36  7:13  SCV, Marine x6  
  38  7:16  SCV  
  37  7:23  Medivac  
  37  7:25  SCV x2  
  37  7:28  SCV  
  41  7:30  Marine  
  41  7:35  Orbital Command  
  43  7:37  SCV  
  43  7:42  Marine x2  
  43  7:43  Marine x2  
  45  7:46  SCV  
  46  7:52  Medivac  
  46  7:56  Medivac  
  50  8:05  Bunker  
  50  8:10  SCV x2  
  50  8:11  SCV  
  53  8:18  Marine x3  
  56  8:28  Armory  
  56  8:32  Marine x3  
  59  8:39  Supply Depot  
  59  8:46  SCV  
  59  8:47  SCV x2  
  62  8:58  SCV  
  62  9:01  Orbital Command  
  62  9:02  SCV, Supply Depot  
  65  9:05  Barracks Reactor x2  
  64  9:11  SCV  
  64  9:13  Marine x5  
  64  9:14  SCV  
  71  9:17  Terran Infantry Weapons Level 2  
  71  9:23  SCV  
  72  9:25  Terran Infantry Armor Level 1  
  72  9:29  SCV  
  72  9:30  Marine  
  72  9:31  Marine  
  75  9:50  Marine  
  75  9:51  Marine x8  
  77  9:56  SCV x3  
  77  9:59  Command Center  
  80  10:03  Supply Depot x2  
  80  10:07  Terran Vehicle And Ship Armor Level 1  
  80  10:08  Marine x4  
  80  10:09  Marine x2  
  80  10:10  Supply Depot  
  80  10:12  Factory Reactor  
  86  10:16  Supply Depot  
  86  10:19  Bunker  
  86  10:20  Marine x2  
  86  10:21  Marine  
  89  10:22  SCV x3  
  89  10:26  Marine x3  
  95  10:30  Marine x2  
  95  10:31  Marine  
  95  10:34  SCV x3  
  83  10:45  Marine  
  83  10:46  SCV, Marine x5  
  83  10:48  Marine x3  
  93  10:55  Supply Depot  
  93  10:56  SCV x2  
  95  11:01  Widow Mine x2  
  95  11:03  Factory, Marine, Barracks  
  100  11:05  Barracks  
  100  11:06  Barracks, Supply Depot  
  100  11:09  SCV  
  100  11:10  SCV  
  102  11:15  Supply Depot  
  100  11:21  Missile Turret x2  
  97  11:29  Missile Turret  
  97  11:30  Widow Mine x2, Marine x9  
  97  11:32  Missile Turret  
  110  11:42  Supply Depot  
  110  11:43  Supply Depot  
  110  11:44  Refinery  
  110  11:47  Refinery  
  110  11:48  Marine  
  111  11:57  Refinery  
  111  12:03  Widow Mine x2, Factory Tech Lab  
  111  12:05  Planetary Fortress  
  111  12:06  SCV  
  111  12:07  SCV  
  117  12:09  Missile Turret  
  115  12:35  Widow Mine x3  
  115  12:36  Marine x2  
  115  12:37  Marine x5, Barracks Tech Lab x2  
  114  12:38  Barracks Tech Lab  
  114  12:40  Drilling Claws  
  119  12:52  Marine, Marauder  
  119  12:54  Marine x7  
  119  12:56  Widow Mine x3  
  135  13:08  Medivac x2  
  135  13:10  Sensor Tower  
  138  13:13  Marauder  
  138  13:17  Missile Turret  
  138  13:19  Marine x7  
  146  13:20  Marauder x3  
  146  13:22  Widow Mine x2  
  146  13:24  Widow Mine  
  156  13:33  Marine  
  141  13:35  Marauder  
  141  13:36  SCV  
  141  13:37  SCV x2, Marine x5  
  140  13:41  Marauder  
  140  13:43  SCV  
  140  13:45  Marauder x2  
  146  13:48  SCV  
  146  13:49  SCV x2  
  146  13:55  SCV  
  139  14:01  SCV  
  130  14:04  SCV x2  
  130  14:07  SCV  
  127  14:13  Widow Mine x2, SCV  
  127  14:16  Missile Turret, SCV x2  
  136  14:19  SCV  
  136  14:22  Thor  
  141  14:25  SCV  
  141  14:28  SCV x2  
  141  14:31  SCV  
  145  14:33  Marauder x2  
  145  14:34  Widow Mine x2  
  145  14:37  SCV  
  144  14:40  SCV x2  
  144  14:43  SCV  
  137  14:49  SCV  
  137  14:52  SCV x2  
  140  14:53  Marine  
  140  14:54  Marine x5  
  140  14:55  SCV  
  142  15:01  SCV  
  142  15:04  SCV x2  
  142  15:07  SCV  
  142  15:12  Thor  
  142  15:13  Widow Mine x2, SCV  
  144  15:16  SCV x2  
  144  15:18  Missile Turret  
  144  15:19  SCV  
  145  15:22  Missile Turret  
  142  15:32  Marine  
  142  15:33  Marine x5, Marauder x2  
  142  15:35  Widow Mine x2  
  154  15:54  Marine  
  154  15:55  Marine x11  
  154  15:56  Widow Mine x3  
  172  16:05  Refinery  
  172  16:07  Refinery  
  172  16:12  Marine x2  
  172  16:13  Marauder x2  
  172  16:14  Command Center  
  176  16:20  Marine x2  
  176  16:21  Marine x3, Marauder x2  
  185  16:30  Widow Mine x2  
  185  16:31  Marine  
  185  16:32  Marine  
  191  16:35  Marauder  
  193  16:46  Concussive Shells  
  193  16:47  Marine  
  193  16:48  Marauder  
  196  17:07  Supply Depot  
  196  17:09  Sensor Tower  
  196  17:16  Supply Depot  
  196  17:19  Marine, Supply Depot  
  196  17:20  Marauder x2  
  189  17:44  Marine x3, Marauder  
  189  17:45  Marine x2, Marauder x2  
  193  18:08  Missile Turret  
  193  18:09  Missile Turret  
  193  18:10  Missile Turret  
  193  18:11  Marauder  
  194  18:16  Starport  
  194  18:18  Fusion Core  
  194  18:19  Starport  
  181  18:20  Marine x10  
  181  18:24  Medivac x2  
  182  18:29  SCV  
  182  18:30  SCV x2  
  181  18:39  Widow Mine  
  181  18:40  Widow Mine  
  187  18:48  Missile Turret x2  
  190  18:49  Missile Turret  
  190  18:50  Missile Turret  
  186  19:00  SCV  
  186  19:01  SCV x3  
Show
View Real Time Build Order
Export as new Build Order

Shame Zerg - Winner!

Build Orders: Hatch First 

Get SALT Encoding   

  12  0:00  Drone  
  13  0:12  Overlord  
  13  0:18  Drone  
  14  0:31  Drone x2  
  17  0:35  Drone  
  17  0:54  Hatchery  
  16  0:57  Drone  
  16  0:58  Drone  
  18  1:14  Spawning Pool, Extractor  
  18  1:16  Drone  
  17  1:19  Drone  
  18  1:28  Drone  
  19  1:41  Drone  
  20  1:49  Drone  
  21  2:01  Zergling x2  
  21  2:05  Queen  
  21  2:07  Zergling x2  
  25  2:09  Queen  
  27  2:17  Metabolic Boost  
  27  2:19  Drone  
  27  2:20  Overlord  
  28  2:24  Spore Crawler  
  28  2:29  Drone  
  29  2:41  Drone x3  
  32  2:46  Spore Crawler  
  32  2:48  Drone  
  33  2:56  Drone x2  
  35  2:59  Queen  
  35  3:00  Spore Crawler  
  35  3:01  Overlord  
  37  3:10  Overlord  
  37  3:11  Overlord  
  37  3:21  Hatchery  
  37  3:25  Queen  
  38  3:28  Drone x3  
  38  3:29  Drone x3  
  38  3:33  Drone  
  45  3:34  Drone  
  46  3:43  Drone  
  46  3:44  Extractor  
  46  3:45  Drone  
  46  3:46  Roach Warren  
  46  3:49  Drone x2  
  46  3:53  Overlord  
  48  3:58  Zergling x4  
  50  4:09  Overlord x3  
  50  4:11  Zergling x4  
  52  4:28  Roach x3  
  59  4:32  Roach  
  59  4:39  Roach  
  59  4:43  Roach x4  
  62  4:57  Drone x2  
  61  5:04  Queen  
  61  5:06  Lair, Hatchery  
  62  5:10  Roach x2  
  66  5:17  Roach x2  
  70  5:22  Roach  
  70  5:28  Zergling x2  
  73  5:35  Zergling x2  
  74  5:38  Zergling x12  
  74  5:40  Roach x4  
  80  5:45  Overlord  
  80  5:52  Zergling x4  
  80  5:54  Ravager x3  
  80  5:56  Ravager  
  86  6:02  Zergling x4  
  83  6:05  Ravager x2  
  83  6:07  Ravager x2  
  83  6:08  Zergling x12  
  93  6:12  Zergling x2  
  93  6:17  Drone  
  95  6:20  Hatchery  
  95  6:21  Zergling x2  
  95  6:31  Overseer  
  94  6:33  Zergling x12  
  94  6:34  Zergling x2  
  94  6:35  Ravager  
  94  6:37  Zergling x6  
  96  6:52  Zergling x10  
  67  7:02  Zergling x8  
  67  7:03  Zergling x10  
  64  7:16  Drone x3  
  64  7:21  Drone  
  64  7:22  Baneling Nest  
  67  7:23  Extractor  
  67  7:24  Drone, Queen  
  67  7:26  Queen  
  67  7:29  Drone  
  72  7:32  Drone x3  
  71  7:37  Evolution Chamber x2  
  71  7:39  Extractor  
  71  7:41  Drone x2  
  71  7:42  Drone x2  
  68  7:44  Burrow  
  68  7:46  Drone x4  
  72  7:53  Drone  
  72  7:54  Drone  
  72  7:55  Drone x3  
  78  8:05  Drone x2  
  78  8:06  Drone x5  
  84  8:23  Hatchery  
  84  8:26  Zergling x2  
  84  8:27  Zergling x24  
  91  8:32  Extractor  
  91  8:33  Drone x2  
  91  8:34  Drone x2, Extractor  
  98  8:36  Zerg Melee Weapons Level 1  
  98  8:37  Zerg Ground Armor Level 1  
  98  8:38  Centrifical Hooks  
  98  8:47  Spire, Drone  
  98  8:49  Baneling x4  
  98  8:50  Baneling  
  98  8:51  Baneling x2  
  98  8:52  Baneling  
  98  8:59  Baneling  
  98  9:00  Baneling x9  
  98  9:11  Drone x6  
  98  9:14  Overlord x3  
  104  9:33  Queen  
  104  9:36  Queen  
  104  9:37  Queen  
  110  9:43  Zergling x2  
  110  9:44  Zergling x28  
  121  9:51  Pneumatized Carapace  
  119  9:55  Overlord x2  
  119  9:56  Overlord, Drone  
  119  9:57  Drone x3  
  123  10:00  Overlord, Extractor  
  123  10:01  Extractor  
  123  10:03  Zerg Flyer Weapons Level 1  
  121  10:17  Drone x3  
  121  10:18  Drone x3  
  121  10:19  Drone x5  
  132  10:22  Mutalisk x3  
  132  10:26  Mutalisk x2  
  142  10:30  Mutalisk x2  
  146  10:40  Mutalisk x4  
  150  10:52  Mutalisk x3  
  150  10:53  Mutalisk  
  150  10:54  Overlord x3  
  150  10:55  Overlord  
  158  10:58  Zerg Melee Weapons Level 2  
  158  11:01  Overseer  
  158  11:03  Overseer  
  158  11:05  Zerg Ground Armor Level 2  
  158  11:07  Overlord  
  158  11:08  Overlord  
  158  11:27  Overlord x2  
  158  11:28  Infestation Pit, Mutalisk x3  
  158  11:29  Mutalisk  
  165  11:32  Mutalisk  
  165  11:35  Zergling x26  
  165  11:36  Zergling x2  
  181  11:57  Mutalisk x3  
  181  11:58  Mutalisk x2  
  191  12:01  Baneling  
  191  12:02  Baneling x4  
  191  12:08  Hatchery  
  189  12:25  Hatchery  
  187  12:32  Mutalisk x4  
  187  12:33  Mutalisk  
  187  12:36  Zergling x16  
  199  12:39  Hive  
  199  12:41  Zerg Flyer Weapons Level 2  
  199  12:46  Baneling x4  
  199  12:47  Baneling  
  199  12:59  Zergling x2  
  199  13:00  Baneling x7  
  199  13:01  Baneling x4  
  199  13:03  Baneling  
  196  13:13  Mutalisk x2  
  196  13:36  Mutalisk x2  
  188  13:59  Mutalisk x6  
  200  14:09  Mutalisk  
  200  14:25  Spine Crawler  
  200  14:27  Drone, Spine Crawler x2  
  200  14:28  Drone x3, Spore Crawler  
  200  14:30  Spine Crawler  
  200  14:31  Drone  
  196  14:39  Mutalisk x2  
  198  14:47  Mutalisk  
  200  15:04  Zerg Flyer Weapons Level 3  
  200  15:05  Zerg Melee Weapons Level 3, Zerg Ground Armor Level 3  
  200  15:18  Glial Reconstitution  
  200  15:21  Ultralisk Cavern  
  200  15:28  Mutalisk  
  197  15:29  Drone  
  197  15:35  Baneling x23  
  200  15:36  Baneling x6  
  200  15:50  Extractor  
  200  15:52  Extractor  
  198  15:59  Overseer  
  198  16:00  Overseer x2  
  198  16:01  Overseer x2  
  198  16:06  Hatchery  
  197  16:15  Mutalisk x3  
  199  16:25  Zergling x2  
  198  16:47  Baneling  
  198  16:48  Chitinous Plating  
  195  17:20  Mutalisk x2  
  195  17:22  Zergling x2  
  188  17:40  Ultralisk  
  188  17:41  Ultralisk  
  197  18:07  Anabolic Synthesis  
  197  18:09  Ultralisk  
  197  18:10  Zergling x6  
  200  18:19  Mutalisk x2  
  200  18:33  Mutalisk x5  
  198  18:39  Mutalisk x2  
  199  18:51  Mutalisk  
Tags
 
Add a new tag
Caveats
  • Supply blocks, unpowered buildings, or Contaminate may cause inaccurate times.
  • Supply counts are checked every 10 seconds.